MLB
SAN FRANCISCO GIANTS @ LOS ANGELES DODGERS
08/18/2045
 
TOP OF THE 1ST
San Francisco Giants batting - Pitching for Los Angeles Dodgers : RHP Ray Scifo
Pitching: RHP Ray Scifo
Batting: RHB Nick Rigden 0-0: Swinging Strike
0-1: Ball
1-1: Swinging Strike
1-2: Strikes out swinging
Batting: SHB Ryan Doss 0-0: Foul Ball, location: 2F
0-1: Ball
1-1: Ball
2-1: Foul Ball, location: 2F
2-2: Foul Ball, location: 2F
2-2: Fly out, F9 (Flyball, 9D, EV 84.4 MPH)
Batting: LHB Jack Henningar 0-0: Called Strike
0-1: Ball
1-1: SINGLE (Groundball, 4MD, EV 102.5 MPH)
Batting: LHB Willis Robles 0-0: Ball
1-0: Ball
2-0: Ground out 4-3 (Groundball, 4, EV 87.5 MPH)
Top of the 1st over - 0 runs, 1 hit, 0 errors, 1 left on base; San Francisco 0 - Los Angeles 0
BOTTOM OF THE 1ST
Los Angeles Dodgers batting - Pitching for San Francisco Giants : RHP Ted Mosley
Pitching: RHP Ted Mosley
Batting: RHB Nate Taylor 0-0: Called Strike
0-1: Ball
1-1: Swinging Strike
1-2: Ball
2-2: Ball
3-2: Base on Balls
Batting: LHB Chris Ringwood 0-0: Called Strike
0-1: Ball
1-1: Called Strike
1-2: Ball
2-2: Ball
3-2: Strikes out swinging
Batting: LHB Lirak Bazhunaishvili 0-0: Ball
Nate Taylor steals 2nd base (no throw)
1-0: Called Strike
1-1: Ball
2-1: Ground out 6-3 (Groundball, 6, EV 105.6 MPH)
Batting: SHB Joel Baker 0-0: Ball
1-0: Ball
2-0: Ball
3-0: Base on Balls
Batting: RHB Clay Buchanan 0-0: Ball
1-0: Called Strike
1-1: Ball
2-1: Ball
3-1: Foul Ball, location: 2F
3-2: Fly out, F6 (Popup, 6M, EV 56.9 MPH)
Bottom of the 1st over - 0 runs, 0 hits, 0 errors, 2 left on base; San Francisco 0 - Los Angeles 0
TOP OF THE 2ND
San Francisco Giants batting - Pitching for Los Angeles Dodgers : RHP Ray Scifo
Batting: RHB Sean Zielinski 0-0: Called Strike
0-1: Ball
1-1: Swinging Strike
1-2: Ball
2-2: Foul Ball, location: 2F
2-2: Ground out 5-3 (Groundball, 56, EV 79.4 MPH)
Batting: SHB Merrick Geter 0-0: Ball
1-0: Called Strike
1-1: Foul Ball, location: 2F
1-2: Foul Ball, location: 2F
1-2: Fly out, F9 (Flyball, 89M, EV 96.9 MPH)
Batting: RHB Nate Hodson 0-0: Ball
1-0: Foul Ball, location: 2F
1-1: Ball
2-1: Ball
3-1: Called Strike
3-2: Strikes out swinging
Top of the 2nd over - 0 runs, 0 hits, 0 errors, 0 left on base; San Francisco 0 - Los Angeles 0
BOTTOM OF THE 2ND
Los Angeles Dodgers batting - Pitching for San Francisco Giants : RHP Ted Mosley
Batting: RHB Danny Dyer 0-0: Ground out 5-3 (Groundball, 56S, EV 85.0 MPH)
Batting: RHB Tsutomu Irie 0-0: Foul Ball, location: 2F
0-1: Called Strike
0-2: Strikes out looking
Batting: RHB Ben Mischnick 0-0: Fly out, F9 (Flyball, 9D, EV 84.4 MPH)
Bottom of the 2nd over - 0 runs, 0 hits, 0 errors, 0 left on base; San Francisco 0 - Los Angeles 0
TOP OF THE 3RD
San Francisco Giants batting - Pitching for Los Angeles Dodgers : RHP Ray Scifo
Batting: LHB Ryan Braden 0-0: Called Strike
0-1: Ball
1-1: Swinging Strike
1-2: Ball
2-2: Ball
3-2: Base on Balls
Batting: SHB Bill Dooms 0-0: Foul Ball, location: 2F
0-1: Called Strike
0-2: Ball
1-2: Ball
2-2: Foul Ball, location: 2F
2-2: Strikes out swinging
Batting: RHB Nick Rigden 0-0: Ball
1-0: Called Strike
1-1: Swinging Strike
1-2: Fielders Choice at 2nd, 5-4 (Groundball, 5, EV 80.6 MPH)
Batting: SHB Ryan Doss 0-0: Ball
1-0: Swinging Strike
1-1: SINGLE (Groundball, 6MD, EV 84.4 MPH) (infield hit)
Nick Rigden to second
Batting: LHB Jack Henningar 0-0: Fielders Choice at 2nd, 6-4 (Groundball, 6, EV 102.5 MPH)
Top of the 3rd over - 0 runs, 1 hit, 0 errors, 2 left on base; San Francisco 0 - Los Angeles 0
BOTTOM OF THE 3RD
Los Angeles Dodgers batting - Pitching for San Francisco Giants : RHP Ted Mosley
Batting: SHB Carlos Rodriguez 0-0: SINGLE (Groundball, 4MD, EV 97.5 MPH)
Batting: RHB Nate Taylor 0-0: SINGLE (Line Drive, 5D, EV 98.1 MPH)
Carlos Rodriguez to second
Runner from 2nd tries for 3rd, OUT! 7-5
Batting: LHB Chris Ringwood 0-0: Ball
1-0: Called Strike
1-1: Ball
2-1: Foul Ball, location: 2F
2-2: Strikes out swinging
Batting: LHB Lirak Bazhunaishvili 0-0: Ball
1-0: Ball
Nate Taylor steals 2nd base (no throw)
2-0: Swinging Strike
2-1: Foul Ball, location: 2F
2-2: Ball
3-2: Fly out, F7 (Flyball, 7S, EV 90.6 MPH)
Bottom of the 3rd over - 0 runs, 2 hits, 0 errors, 1 left on base; San Francisco 0 - Los Angeles 0
TOP OF THE 4TH
San Francisco Giants batting - Pitching for Los Angeles Dodgers : RHP Ray Scifo
Batting: LHB Willis Robles 0-0: Called Strike
0-1: Fly out, F3 (Line Drive, 3, EV 61.2 MPH)
Batting: RHB Sean Zielinski 0-0: Called Strike
0-1: Foul Ball, location: 2F
0-2: Foul Ball, location: 2F
0-2: Foul Ball, location: 2F
0-2: Ground out 6-3 (Groundball, 6, EV 90.0 MPH)
Batting: SHB Merrick Geter 0-0: Foul Ball, location: 2F
0-1: Foul Ball, location: 2F
0-2: Foul Ball, location: 2F
0-2: Ball
1-2: Strikes out swinging
Top of the 4th over - 0 runs, 0 hits, 0 errors, 0 left on base; San Francisco 0 - Los Angeles 0
BOTTOM OF THE 4TH
Los Angeles Dodgers batting - Pitching for San Francisco Giants : RHP Ted Mosley
Batting: SHB Joel Baker 0-0: Ball
1-0: SINGLE (Line Drive, 6MD, EV 95.0 MPH)
Batting: RHB Clay Buchanan 0-0: Ball
1-0: Ball
2-0: Ball
3-0: Called Strike
3-1: Called Strike
3-2: Foul Ball, location: 2F
3-2: SINGLE (Groundball, 4D, EV 101.2 MPH)
Joel Baker to second
Runner from 2nd tries for 3rd, OUT! 9-5
Clay Buchanan to second
Batting: RHB Danny Dyer 0-0: Fly out, F8 (Line Drive, 8LM, EV 89.4 MPH)
Batting: RHB Tsutomu Irie 0-0: Ball
1-0: Ball
2-0: Ball
3-0: Called Strike
3-1: Base on Balls
Batting: RHB Ben Mischnick 0-0: Called Strike
0-1: Swinging Strike
0-2: Ball
1-2: Foul Ball, location: 2F
1-2: Ball
2-2: Strikes out looking
Bottom of the 4th over - 0 runs, 2 hits, 0 errors, 2 left on base; San Francisco 0 - Los Angeles 0
TOP OF THE 5TH
San Francisco Giants batting - Pitching for Los Angeles Dodgers : RHP Ray Scifo
Batting: RHB Nate Hodson 0-0: Called Strike
0-1: Foul Ball, location: 2F
0-2: Ball
1-2: Ball
2-2: Strikes out swinging
Batting: LHB Ryan Braden 0-0: Ball
1-0: Foul Ball, location: 2F
1-1: Ball
2-1: Ball
3-1: Foul Ball, location: 2F
3-2: Foul Ball, location: 2F
3-2: Base on Balls
Batting: SHB Bill Dooms 0-0: Ball
1-0: Fielders Choice at 2nd, 4-6 (Groundball, 4, EV 92.5 MPH)
Batting: RHB Nick Rigden 0-0: Ball
1-0: Called Strike
Bill Dooms is caught stealing 2nd base 2-4
Top of the 5th over - 0 runs, 0 hits, 0 errors, 0 left on base; San Francisco 0 - Los Angeles 0
BOTTOM OF THE 5TH
Los Angeles Dodgers batting - Pitching for San Francisco Giants : RHP Ted Mosley
Batting: SHB Carlos Rodriguez 0-0: Ball
1-0: Swinging Strike
1-1: Ball
2-1: Foul Ball, location: 2F
2-2: Ball
3-2: Ground out 6-3 (Groundball, 6M, EV 87.5 MPH)
Batting: RHB Nate Taylor 0-0: Swinging Strike
0-1: Foul Ball, location: 2F
0-2: Strikes out swinging
Batting: LHB Chris Ringwood 0-0: Fly out, F8 (Line Drive, 8LM, EV 96.9 MPH)
Bottom of the 5th over - 0 runs, 0 hits, 0 errors, 0 left on base; San Francisco 0 - Los Angeles 0
TOP OF THE 6TH
San Francisco Giants batting - Pitching for Los Angeles Dodgers : RHP Ray Scifo
Batting: RHB Nick Rigden 0-0: Ground out 6-3 (Groundball, 6MD, EV 110.6 MPH)
Batting: SHB Ryan Doss 0-0: Ball
1-0: Ball
2-0: Foul Ball, location: 2F
2-1: Ball
3-1: Base on Balls
Batting: LHB Jack Henningar 0-0: Ball
Ryan Doss steals 2nd, throwing error, E2
Ryan Doss to third
1-0: Ball
2-0: Called Strike
2-1: Foul Ball, location: 2F
2-2: Ground out 4-3 (Groundball, 34S, EV 84.4 MPH)
Batting: LHB Willis Robles 0-0: Swinging Strike
0-1: Called Strike
0-2: Ball
1-2: Ball
2-2: Foul Ball, location: 2F
2-2: Strikes out swinging
Top of the 6th over - 0 runs, 0 hits, 1 error, 1 left on base; San Francisco 0 - Los Angeles 0
BOTTOM OF THE 6TH
Los Angeles Dodgers batting - Pitching for San Francisco Giants : RHP Ted Mosley
Batting: LHB Lirak Bazhunaishvili 0-0: Ball
1-0: Foul Ball, location: 2F
1-1: Swinging Strike
1-2: Foul Ball, location: 2F
1-2: SINGLE (Line Drive, 56, EV 103.8 MPH)
Batting: SHB Joel Baker 0-0: Foul Ball, location: 2F
0-1: Ball
1-1: Ball
2-1: SINGLE (Line Drive, 9S, EV 96.2 MPH)
Lirak Bazhunaishvili to second
Throwing error, E9
Lirak Bazhunaishvili scores
Joel Baker to second
Batting: RHB Clay Buchanan 0-0: Intentional Walk
Batting: RHB Danny Dyer 0-0: Called Strike
0-1: Sac Bunt to P - play at first, batter OUT! 1-3
Joel Baker to third
Clay Buchanan to second
Batting: RHB Tsutomu Irie 0-0: Intentional Walk
Pitching: RHP Josh Lister
Batting: RHB Ben Mischnick 0-0: Ball
1-0: Ball
2-0: SINGLE (Groundball, 56, EV 98.1 MPH)
Joel Baker scores
Clay Buchanan to third
Tsutomu Irie to second
Runner from 3rd tries for Home, SAFE, throw by LF to home
Batting: SHB Carlos Rodriguez 0-0: Called Strike
0-1: Ball
1-1: Swinging Strike
1-2: Strikes out swinging
Batting: RHB Nate Taylor 0-0: Ball
1-0: Swinging Strike
1-1: Ball
2-1: Foul Ball, location: 2F
2-2: Strikes out swinging
Bottom of the 6th over - 3 runs, 3 hits, 1 error, 2 left on base; San Francisco 0 - Los Angeles 3
TOP OF THE 7TH
San Francisco Giants batting - Pitching for Los Angeles Dodgers : RHP Ray Scifo
Batting: RHB Sean Zielinski 0-0: Called Strike
0-1: Swinging Strike
0-2: Ball
1-2: Foul Ball, location: 2F
1-2: Ball
2-2: Ball
3-2: Foul Ball, location: 2F
3-2: Fly out, F8 (Flyball, 78XD, EV 105.6 MPH)
Pitching: RHP Justin Scheithauer
Batting: SHB Merrick Geter 0-0: Ball
1-0: Foul Ball, location: 2F
1-1: DOUBLE (Line Drive, 78D, EV 109.4 MPH)
Batting: RHB Nate Hodson 0-0: Swinging Strike
0-1: Swinging Strike
0-2: Ball
1-2: Strikes out swinging
Batting: LHB Ryan Braden 0-0: Called Strike
0-1: Ball
1-1: Foul Ball, location: 2F
1-2: Foul Ball, location: 2F
1-2: Strikes out swinging, 2-3 out at first.
Top of the 7th over - 0 runs, 1 hit, 0 errors, 1 left on base; San Francisco 0 - Los Angeles 3
BOTTOM OF THE 7TH
Los Angeles Dodgers batting - Pitching for San Francisco Giants : RHP Josh Lister
Batting: LHB Chris Ringwood 0-0: Called Strike
0-1: Ball
1-1: Foul Ball, location: 2F
1-2: Fly out, F8 (Flyball, 8LM, EV 85.0 MPH)
Batting: LHB Lirak Bazhunaishvili 0-0: Ball
1-0: Ball
2-0: Foul Ball, location: 2F
2-1: Ground out 6-3 (Groundball, 4MS, EV 84.4 MPH)
Batting: SHB Joel Baker 0-0: Ball
1-0: Foul Ball, location: 2F
1-1: Fly out, F7 (Flyball, 7LD, EV 100.6 MPH)
Bottom of the 7th over - 0 runs, 0 hits, 0 errors, 0 left on base; San Francisco 0 - Los Angeles 3
TOP OF THE 8TH
San Francisco Giants batting - Pitching for Los Angeles Dodgers : RHP Justin Scheithauer
Batting: SHB Bill Dooms 0-0: Ball
1-0: Foul Ball, location: 2F
1-1: Reached on error, E6 (Groundball, 56, EV 78.1 MPH)
Batting: RHB Nick Rigden 0-0: Ball
1-0: Ball
2-0: SINGLE (Groundball, 6MD, EV 105.6 MPH)
Bill Dooms to second
Batting: SHB Ryan Doss 0-0: Called Strike
0-1: Ball
1-1: 3-RUN HOME RUN (Flyball, 9D, EV 99.4 MPH), Distance : 381 ft
Pitching: RHP Michael Walsh
Batting: LHB Jack Henningar 0-0: Ball
1-0: Ball
2-0: Called Strike
2-1: Called Strike
2-2: Strikes out swinging
Batting: LHB Willis Robles 0-0: Ball
1-0: Fly out, F9 (Flyball, 9S, EV 93.1 MPH)
Batting: RHB Sean Zielinski 0-0: Ball
1-0: SINGLE (Groundball, 56D, EV 99.4 MPH)
Batting: SHB Merrick Geter 0-0: Called Strike
0-1: Ball
1-1: Ball
2-1: Ball
3-1: Foul Ball, location: 2F
3-2: Strikes out swinging
Top of the 8th over - 3 runs, 3 hits, 1 error, 1 left on base; San Francisco 3 - Los Angeles 3
BOTTOM OF THE 8TH
Los Angeles Dodgers batting - Pitching for San Francisco Giants : RHP Josh Lister
Pitching: LHP Tyler Stancil
Batting: RHB Clay Buchanan 0-0: Ball
1-0: Ball
2-0: Ball
3-0: Called Strike
3-1: Swinging Strike
3-2: Fly out, F8 (Flyball, 78D, EV 103.8 MPH)
Batting: RHB Danny Dyer 0-0: SINGLE (Line Drive, 34, EV 107.5 MPH)
Pinch Runner at 1st Wing-kit Bu:
Batting: RHB Tsutomu Irie 0-0: Ball
1-0: Called Strike
1-1: Ball
2-1: Ground out 4-3 (Groundball, 3, EV 101.2 MPH)
Wing-kit Bu to second
Batting: RHB Ben Mischnick 0-0: Called Strike
0-1: Foul Ball, location: 2F
0-2: Fly out, F8 (Line Drive, 8RM, EV 93.8 MPH)
Bottom of the 8th over - 0 runs, 1 hit, 0 errors, 1 left on base; San Francisco 3 - Los Angeles 3
TOP OF THE 9TH
San Francisco Giants batting - Pitching for Los Angeles Dodgers : RHP Michael Walsh
Pitching: LHP Josh Ramirez
Now at 1B: Yasahiko Teshima
Batting: RHB Nate Hodson 0-0: Ground out 6-3 (Groundball, 6, EV 106.9 MPH)
Pinch Hitting: RHB Bobby Scholl 0-0: Called Strike
0-1: Foul Ball, location: 2F
0-2: Foul Ball, location: 2F
0-2: Ball
1-2: Foul Ball, location: 2F
1-2: Ball
2-2: Fly out, F7 (Flyball, 78S, EV 81.2 MPH)
Batting: SHB Bill Dooms 0-0: Ball
1-0: Called Strike
1-1: Called Strike
1-2: Strikes out swinging
Top of the 9th over - 0 runs, 0 hits, 0 errors, 0 left on base; San Francisco 3 - Los Angeles 3
BOTTOM OF THE 9TH
Los Angeles Dodgers batting - Pitching for San Francisco Giants : LHP Tyler Stancil
Pitching: LHP Chris Moris
Now in RF: John Blair
Batting: SHB Carlos Rodriguez 0-0: Called Strike
0-1: Hit by Pitch
Batting: RHB Nate Taylor 0-0: Ball
Carlos Rodriguez is caught stealing 2nd base 2-4
1-0: Foul Ball, location: 2F
1-1: Called Strike
1-2: Foul Ball, location: 2F
1-2: Reached on error, E6 (Groundball, 6, EV 80.0 MPH)
Pinch Hitting: RHB Edwin Soto 0-0: Ball
1-0: DOUBLE (Line Drive, 89M, EV 115.0 MPH)
Nate Taylor scores
Bottom of the 9th over - 1 run, 1 hit, 1 error, 0 left on base; San Francisco 3 - Los Angeles 4
Game Over ... Los Angeles defeats San Francisco, 4 to 3
Wednesday, June 22nd , 2022 - OOTP Baseball 23.4 Build 64